 Dungeon Crawl Stone Soup version 0.31.0-9-g3a7656b989 (webtiles) character file.

Game seed: 11032896967323937540

4620 Colgate the Slicer (level 10, -15/44 HPs)
             Began as a Vine Stalker Necromancer on Jan 26, 2024.
             Was an Elder of Hepliaklqana.
             Shot with an arrow by a centaur warrior (20 damage)
             ... on level 10 of the Dungeon on Jan 27, 2024.
             The game lasted 00:42:10 (9784 turns).

Colgate the Slicer (Vine Stalker Necromancer)       Turns: 9784, Time: 00:42:11

Health: -15/44     AC:  5    Str: 16    XL:     10   Next: 42%
Magic:  0/14       EV: 12    Int: 15    God:    Hepliaklqana [****..]
Gold:   200        SH:  0    Dex: 14    Spells: 12/13 levels left

rFire   + . .        b - +3 rapier (speed)
rCold   . . .        (no shield)
rNeg    . . .        (no body armour)
rPois   .            m - +0 helmet
rElec   .            l - +0 cloak
rCorr   .            Q - +0 pair of gloves
SInv    .            C - +1 pair of boots
Will    ++...        q - amulet of the acrobat
Stlth   ++           G - ring of protection from fire
HPRegen 1.07/turn    v - ring of willpower
MPRegen 0.14/turn

%: acrobat, guardian spirit
@: no status effects
A: reduced essence, fangs 3, regeneration 1, magic shield, antimagic bite, no
potion heal 2
a: Renounce Religion, Recall Ancestor, Ancestor Identity, Transference, Idealise


You were on level 10 of the Dungeon.
You worshipped Hepliaklqana.
Hepliaklqana was greatly pleased with you.
You visited 2 branches of the dungeon, and saw 11 of its levels.

You collected 450 gold pieces.
You spent 250 gold pieces at shops.

Inventory:

Hand Weapons
 a - a +3 dagger
 b - a +3 rapier of speed (weapon)
 E - a +0 short sword
 O - a +2 dagger of venom
Missiles
 t - 27 poisoned darts (quivered)
 u - 8 boomerangs
 D - 3 curare-tipped darts
 F - a throwing net {!f}
 I - 4 datura-tipped darts
Armour
 e - a +3 scale mail of poison resistance
 l - a +0 cloak (worn)
 m - a +0 helmet (worn)
 C - a +1 pair of boots (worn)
 M - a +0 plate armour
 Q - a +0 pair of gloves (worn)
Jewellery
 c - a +6 ring of intelligence
 q - an amulet of the acrobat (around neck)
 s - a ring of ice
 v - a ring of willpower (right hand)
 x - a ring of positive energy
 G - a ring of protection from fire (left hand)
 P - a ring of see invisible
Talismans
 R - the blade talisman "Uqulom" {Will- MP-9 Str+5 Int+9}
   (You found it on level 9 of the Dungeon)

   [blade talisman]

   Str+5:     It affects your strength (+5).
   Int+9:     It affects your intelligence (+9).
   Will-:     It decreases your willpower.
   MP-9:      It affects your magic capacity (-9).
Wands
 r - a wand of mindburst (10)
 B - a wand of flame (27)
 H - a wand of charming (11)
Scrolls
 f - 2 scrolls of fear
 h - 2 scrolls of poison
 j - 2 scrolls of vulnerability
 n - 3 scrolls of teleportation {@r3}
 y - a scroll of enchant weapon
 z - a scroll of immolation
 K - a scroll of blinking {unknown}
 L - a scroll of revelation {unknown}
 N - 4 scrolls of fog
Potions
 d - a potion of magic
 g - 4 potions of curing {@q1}
 i - 4 potions of mutation
 k - a potion of enlightenment
 o - 3 potions of heal wounds {unknown}
 p - a potion of haste {unknown}
 w - a potion of ambrosia {unknown}
 A - 2 potions of attraction {unknown}
 J - 2 potions of invisibility {unknown}


   Skills:
 + Level 3.2 Fighting
 - Level 12.1 Short Blades
 - Level 3.2 Armour
 - Level 1.5 Dodging
 - Level 2.4 Stealth
 - Level 2.1 Spellcasting
 - Level 4.0 Necromancy
 - Level 3.3 Invocations


You had 12 spell levels left.
You knew the following spells:

 Your Spells              Type           Power      Damage    Failure   Level
a - Necrotise             Necr           52%        1d6       4%          1

Your spell library contained the following spells:

 Spells                   Type           Power      Damage    Failure   Level
 Fugue of the Fallen      Necr           13%        N/A       13%         3
 Vampiric Draining        Necr           13%        2d6       13%         3
 Apportation              Tloc           2%         N/A       22%         1
 Foxfire                  Conj/Fire      4%         2x1d4     22%         1
 Sting                    Conj/Alch      4%         1d3       22%         1
 Summon Small Mammal      Summ           4%         N/A       22%         1
 Mercury Vapours          Alch/Air       2%         N/A       32%         2
 Static Discharge         Conj/Air       2%         3-4/arc   32%         2
 Animate Dead             Necr           13%        N/A       38%         4
 Gell's Gravitas          Tloc           1%         N/A       54%         3
 Inner Flame              Hex/Fire       1%         N/A       54%         3
 Ozocubu's Armour         Ice            1%         N/A       54%         3
 Summon Ice Beast         Ice/Summ       1%         N/A       54%         3
 Teleport Other           Tloc           1%         N/A       54%         3
 Tukima's Dance           Hex            1%         N/A       54%         3
 Curse of Agony           Necr           13%        N/A       75%         5
 Airstrike                Air            0%         2d(1-17)  91%         4
 Dimensional Bullseye     Hex/Tloc       0%         N/A       91%         4
 Flame Wave               Conj/Fire      1%         2d4       91%         4
 Iskenderun's Mystic Bla  Conj/Tloc      1%         2d3       91%         4
 Manifold Assault         Tloc           1%         N/A       91%         4
 Olgreb's Toxic Radiance  Alch           1%         N/A       91%         4
 Sticky Flame             Fire/Alch      1%         2d4       91%         4
 Summon Lightning Spire   Summ/Air       1%         N/A       91%         4
 Vhi's Electric Charge    Tloc/Air       2%         N/A       91%         4
 Arcjolt                  Conj/Air       0%         1d10      99%         5
 Summon Mana Viper        Hex/Summ       1%         N/A       99%         5
 Dispersal                Tloc           0%         N/A       100%        6
 Plasma Beam              Fire/Air       0%         2x1d10    100%        6
 Starburst                Conj/Fire      0%         6d3       100%        6
 Monstrous Menagerie      Summ           0%         N/A       100%        7


Dungeon Overview and Level Annotations

Branches:
Dungeon (10/15)            Temple (1/1) D:5            Lair (0/5) D:8
    Orc: D:9-12

Altars:
Ashenzari
Cheibriados
Dithmenos
Elyvilon
Fedhas
Gozag
Hepliaklqana
Kikubaaqudgha
Makhleb
Nemelex Xobeh
Okawaru
Qazlal
Ru
Sif Muna
Trog
Uskayaw
Vehumet
Wu Jian
Xom
Yredelemnul
Zin
The Shining One

Shops:
D:1 (   D:2 =

Annotations:
D:5 kultaa raudan takana
D:10 Joseph


Innate Abilities, Weirdness & Mutations

Your life essence is reduced to manifest your ancestor. (-10% HP)
You have razor-sharp teeth.
Your natural rate of healing is unusually fast.
When hurt, damage is shared between your health and your magic reserves.
Your bite disrupts and absorbs the magic of your enemies.
Potions cannot restore your health.


Message History

Hrothgar points at the kobold and mumbles some strange words.
The kobold seems to slow down.
The kobold brigand attacks as it pursues you!
The kobold brigand completely misses you.
You hit the kobold brigand. You bite the kobold brigand! You drain its power.
You feel invigorated.
Hrothgar hits the kobold with a +0 dagger of draining.
Hrothgar drains the kobold.
The kobold dies!
You completely miss the kobold brigand. Your bite misses the kobold brigand.
Hrothgar casts a spell at the kobold brigand.
The kobold brigand resists with some effort.
You puncture the kobold brigand! Your bite misses the kobold brigand.
The kobold brigand hits you with a +0 whip!
You hit the kobold brigand.
Hrothgar completely misses the kobold brigand.
You hit the kobold brigand. Your punch misses the kobold brigand.
You bite the kobold brigand.
You kill the kobold brigand!
t - 27 poisoned darts (gained 6)
You see here a +0 whip.
There is a stone staircase leading down here.
You start resting.
You are no longer corroded.
You start resting.
HP restored.
Magic restored.
There is an escape hatch in the ceiling here.
There is a stone staircase leading down here.
There is a stone staircase leading down here.
You climb downwards.
Level annotation: Joseph The centaur warrior shouts!
The centaur warrior shoots an arrow.
The arrow hits you!!
The centaur warrior shoots an arrow.
The arrow hits you!
There is a stone staircase leading up, spattered with blood here.
The centaur warrior shoots an arrow.
The arrow hits you!!
* * * LOW HITPOINT WARNING * * *
The centaur warrior shoots an arrow.
The arrow hits you!!
You die...

### #####.##
#......#
#@.....####
#.R.......#
##.#÷...c.#
####.....#
#.†....##
#.....c###
#.#.#....
.....#.......#
............


You could see the friendly Hrothgar the hexer and a centaur warrior (ally
target).

Vanquished Creatures
  A two-headed ogre (D:9)
  A kobold demonologist (D:9)
  Prince Ribbit (D:5)
  A steam dragon (D:8)
  A water moccasin (D:7)
  2 sky beasts (D:6)
  2 orc warriors
  2 ice beasts (D:6)
  2 ogres (D:5)
  5 centaurs
  A phantom (D:6)
  4 kobold brigands
  A bullfrog (D:7)
  A gnoll sergeant (D:7)
  2 electric eels (D:8)
  6 howler monkeys
  2 bombardier beetles
  A hound (D:4)
  2 jellies
  3 orc priests
  4 iguanas
  2 gnoll boudas (D:6)
  Ijyb (D:4)
  Terence (D:3)
  6 orc wizards
  Natasha (thrice) (D:3)
  Robin (D:1)
  17 gnolls
  3 adders
  2 shadow imps (D:5)
  An ufetubus (D:6)
  2 ribbon worms
  4 dart slugs
  13 orcs
  8 bats
  7 endoplasms
  3 giant cockroaches
  12 hobgoblins
  8 jackals
  A quokka (D:1)
  4 ball pythons
  3 frilled lizards
  15 goblins
  27 kobolds
  5 rats
194 creatures vanquished.

Vanquished Creatures (collateral kills)
  A water moccasin (D:7)
  A black bear (D:6)
  An electric eel (D:8)
  3 howler monkeys
  A jelly (D:6)
  An iguana (D:6)
  An adder (D:6)
  2 gnolls
  2 orcs
  4 kobolds
17 creatures vanquished.

Vanquished Creatures (others)
  2 hexers
  5 ancestors
7 creatures vanquished.

Grand Total: 218 creatures vanquished

Notes
Turn   | Place    | Note
-------+----------+-------------------------------------------
     0 | D:1      | Colgate the Vine Stalker Necromancer began the quest for
                  | the Orb.
     0 | D:1      | Reached XP level 1. HP: 9/9 MP: 4/4
    98 | D:1      | Reached skill level 1 in Fighting
   217 | D:1      | Reached XP level 2. HP: 14/14 MP: 3/6
   578 | D:1      | Found Fadar's Antique Weapon Shoppe.
   991 | D:1      | Reached XP level 3. HP: 18/18 MP: 1/7
   998 | D:1      | Reached skill level 1 in Short Blades
  1513 | D:2      | Found Qieso's Jewellery Shop.
  1576 | D:2      | Noticed Robin
  1639 | D:1      | Reached skill level 2 in Short Blades
  1674 | D:1      | Killed Robin
  1675 | D:1      | Reached XP level 4. HP: 23/23 MP: 8/8
  2282 | D:3      | Noticed Terence
  2312 | D:3      | Killed Terence
  2313 | D:3      | Reached skill level 3 in Short Blades
  2313 | D:3      | Reached XP level 5. HP: 19/26 MP: 9/9
  2437 | D:3      | Found a hazy altar of Hepliaklqana.
  2441 | D:3      | Became a worshipper of Hepliaklqana the Forgotten
  2514 | D:3      | Reached skill level 4 in Short Blades
  2745 | D:3      | Noticed Natasha
  2756 | D:3      | Killed Natasha
  2757 | D:3      | Reached XP level 6. HP: 30/30 MP: 10/10
  2843 | D:3      | Noticed Natasha
  2850 | D:3      | Killed Natasha
  2867 | D:3      | Noticed Natasha
  2874 | D:3      | Killed Natasha
  3111 | D:4      | Reached skill level 5 in Short Blades
  3348 | D:4      | Reached * piety under Hepliaklqana
  3426 | D:4      | Noticed Ijyb
  3433 | D:4      | Killed Ijyb
  3720 | D:4      | Reached XP level 7. HP: 23/31 MP: 8/11
  3920 | D:5      | Entered Level 5 of the Dungeon
  4099 | D:2      | Bought a ring of willpower for 250 gold pieces
  4208 | D:5      | Reached skill level 6 in Short Blades
  4734 | D:5      | Found a staircase to the Ecumenical Temple.
  4741 | Temple   | Entered the Ecumenical Temple
  4866 | D:5      | Noticed Prince Ribbit
  4883 | D:5      | Killed Prince Ribbit
  4884 | D:5      | Reached skill level 7 in Short Blades
  4941 | D:5      | Gained mutation: You have razor-sharp teeth. [Vine Stalker
                  | growth]
  4941 | D:5      | Reached XP level 8. HP: 35/35 MP: 10/12
  5163 | D:5      | Reached ** piety under Hepliaklqana
  5346 | D:5      | Found a glowing silver altar of Zin.
  5522 | D:6      | Reached skill level 8 in Short Blades
  5574 | D:6      | Reached skill level 1 in Armour
  6066 | D:6      | Reached skill level 9 in Short Blades
  6066 | D:6      | Reached XP level 9. HP: 37/37 MP: 13/13
  6152 | D:6      | Found a white marble altar of Elyvilon.
  6693 | D:6      | Found an ancient bone altar of Kikubaaqudgha.
  6854 | D:6      | Reached skill level 10 in Short Blades
  6854 | D:6      | Remembered your ancestor Hrothgar as a hexer
  7129 | D:7      | Reached *** piety under Hepliaklqana
  7587 | D:7      | Reached skill level 11 in Short Blades
  7617 | D:7      | Found a shimmering blue altar of Sif Muna.
  8116 | D:8      | Found a staircase to the Lair.
  8295 | D:8      | Found a sparkling altar of Nemelex Xobeh.
  8295 | D:8      | Found a stormy altar of Qazlal.
  8474 | D:8      | Reached XP level 10. HP: 40/41 MP: 14/14
  8806 | D:9      | Noticed a kobold demonologist
  8809 | D:9      | Noticed a sun demon
  8818 | D:9      | Killed a kobold demonologist
  8819 | D:9      | Reached skill level 12 in Short Blades
  8894 | D:9      | Found a radiant altar of Vehumet.
  8937 | D:9      | Noticed a two-headed ogre
  8953 | D:9      | Killed a two-headed ogre
  9066 | D:9      | Reached **** piety under Hepliaklqana
  9229 | D:9      | Identified the blade talisman "Uqulom" {Will- MP-9 Str+5
                  | Int+9}
  9367 | D:10     | Entered Level 10 of the Dungeon
  9463 | D:10     | Noticed a centaur warrior
  9569 | D:10     | Noticed Joseph
  9784 | D:10     | Shot with an arrow by a centaur warrior

Illustrated notes

Levels and vault maps discovered:
D:1:      dpeg_arrival_simpleton_b, layout_loops_ring, serial_shops,
          nicolae_shop_window_shopping, minmay_misc_feat_encased,
          minmay_misc_feat_tiny, minmay_misc_feat_hallway, serial_bayou_lake_a
D:2:      layout_loops_ring, serial_shops, nicolae_shop_crystal,
          minmay_split_cup_large, uniq_robin
D:3:      layout_basic, nicolae_hepliaklqana_hippocampus, grunt_ministairs_10,
          uniq_natasha, uniq_terence
D:4:      layout_loops_ring, dreamdust_wishing_well, uniq_ijyb
D:5:      layout_loops_corners, zin_treasury, minmay_temple_entry_nine_rooms,
          bh_walls_and_bars, uniq_prince_ribbit1
D:6:      layout_gridville, marbit_many_paths,
          mainiacjoe_overflow_surrounded_room, chequers_serial_rivers_micro_e
D:7:      layout_basic, kennysheep_orc_sif_temple
D:8:      layout_basic, nicolae_overflow_two_pavilions, lair_entry_dummy
D:9:      layout_cave_pools, old_standard_altar
D:10:     layout_cave_pools, lightli_corner_chamber, uniq_joseph
Temple:   nicolae_temple_two_arcs

Skill      XL: |  1  2  3  4  5  6  7  8  9 10 |
---------------+-------------------------------+-----
Fighting       | 1 2 3 |  3.2
Short Blades   | 2 3 4 5 7 9 11 12 | 12.1
Armour         | 3 |  3.2
Invocations    | 3 |  3.3
Dodging        | |  1.5
Stealth        | |  2.4
Spellcasting   | |  2.1
Necromancy     | |  4.0

Action                     |  1- 3 |  4- 6 |  7- 9 | 10-12 || total
---------------------------+-------+-------+-------+-------++-------
  Melee: Short sword       |    75 |       |       |       ||    75
         Bite              |    14 |    63 |   107 |    14 ||   198
         Dagger            |     5 |   180 |   215 |     1 ||   401
         Punch             |       |     1 |     4 |     1 ||     6
         Rapier            |       |       |   140 |    61 ||   201
  Throw: Dart              |       |       |     9 |     6 ||    15
         Boomerang         |       |       |     2 |       ||     2
   Cast: Necrotise         |    36 |     1 |       |       ||    37
 Invoke: Recall Ancestor   |       |       |     4 |     2 ||     6
         Ancestor Life: He |       |       |     1 |       ||     1
  Evoke: Wand              |       |       |     1 |       ||     1
    Use: Scroll            |       |     6 |     5 |     2 ||    13
         Potion            |       |     1 |       |       ||     1
   Stab: Distracted        |       |     1 |     4 |       ||     5
         Confused          |       |       |     3 |       ||     3
 Armour: Robe              |     1 |       |       |       ||     1
         Scale mail        |    65 |    99 |   168 |     8 ||   340
         Skin              |       |       |       |    25 ||    25
  Dodge: Dodged            |    58 |    64 |   125 |    28 ||   275
